 Dungeon Crawl Stone Soup version 0.29.0 (webtiles) character file.

Game seed: 8627971143961156755

1314 Dorkslayer the Cleaver (level 8, -1/69 HPs)
             Began as a Hill Orc Fighter on Aug 28, 2022.
             Was an Initiate of the Shining One.
             Slain by a killer bee (4 damage)
             ... on level 5 of the Dungeon.
             The game lasted 00:12:28 (4443 turns).

Dorkslayer the Cleaver (Hill Orc Fighter)           Turns: 4443, Time: 00:12:29

Health: -1/69      AC: 12    Str: 21    XL:     8   Next: 58%
Magic:  8/8        EV: 10    Int:  8    God:    the Shining One [......]
Gold:   217        SH:  4    Dex: 10    Spells: 7/7 levels left

rFire   + . .      SeeInvis .   a - +0 war axe (venom)
rCold   . . .      Faith    .   c - +0 buckler
rNeg    . . .      Spirit   .   B - +2 scale mail {rF+}
rPois   +          Reflect  .   r - +0 helmet
rElec   .          Harm     .   d - +0 cloak
rCorr   .          Rampage  .   (no gloves)
Will    +....                   (no boots)
Stlth   ..........              (no amulet)
HPRegen 0.21/turn               h - ring of willpower
MPRegen 0.11/turn               w - ring of poison resistance

@: glowing
A: no striking features
a: Renounce Religion


You were on level 5 of the Dungeon.
You worshipped the Shining One.
The Shining One was noncommittal.
You visited 1 branch of the dungeon, and saw 5 of its levels.

You collected 217 gold pieces.

Inventory:

Hand Weapons
 a - a +0 war axe of venom (weapon)
Missiles
 j - 6 javelins
 s - 2 boomerangs (quivered)
 x - 7 poisoned darts
 y - a throwing net
Armour
 c - a +0 buckler (worn)
 d - a +0 cloak (worn)
 r - a +0 helmet (worn)
 B - a +2 scale mail of fire resistance (worn)
Jewellery
 h - a ring of willpower (left hand)
 w - a ring of poison resistance (right hand)
Wands
 v - a wand of digging (8)
Scrolls
 b - a scroll of enchant weapon {unknown}
 e - a scroll of identify
 m - a scroll of immolation
 o - a scroll of poison
 p - a scroll of teleportation
Potions
 f - a potion of flight {unknown}
 i - a potion of cancellation
 q - a potion of ambrosia {unknown}
 z - a potion of lignification {unknown}
 A - 2 potions of invisibility {unknown}


   Skills:
 + Level 5.4 Fighting
 + Level 9.1 Axes
 + Level 0.4 Throwing
 + Level 6.4 Armour
 + Level 2.4 Dodging
 + Level 0.5 Stealth
 + Level 4.5 Shields


You had 7 spell levels left.
You didn't know any spells.
Your spell library contained the following spells:

 Spells                   Type           Power      Damage    Failure   Level
 Apportation              Tloc           0%         N/A       80%         1
 Necrotise                Necr           0%         1d4       80%         1
 Slow                     Hex            0%         N/A       80%         1
 Summon Small Mammal      Summ           0%         N/A       80%         1
 Confusing Touch          Hex            0%         N/A       99%         3
 Ozocubu's Armour         Ice            0%         N/A       99%         3
 Summon Guardian Golem    Hex/Summ       0%         N/A       99%         3
 Tukima's Dance           Hex            0%         N/A       99%         3
 Vampiric Draining        Necr           0%         2d6       99%         3
 Cause Fear               Hex            0%         N/A       100%        4
 Passage of Golubria      Tloc           0%         N/A       100%        4
 Yara's Violent Unravell  Hex/Tmut       0%         3d3       100%        5
 Dragon Form              Tmut           0%         N/A       100%        7
 Orb of Destruction       Conj           0%         9d5       100%        7
 Ozocubu's Refrigeration  Ice            0%         4d7       100%        7
 Spellforged Servitor     Conj/Summ      0%         N/A       100%        7
 Dragon's Call            Summ           0%         N/A       100%        9


Dungeon Overview and Level Annotations

Branches:
Dungeon (5/15)
 Temple: D:4-7

Altars:
Dithmenos
Kikubaaqudgha
Okawaru
Ru
Xom
The Shining One

Shops:
D:3 (   D:4 (

Portals:
Ossuary: D:5

Annotations:
D:5 1 runed translucent door, MemoryOf3nth's ghost, amateur DrTm


Message History

You block the killer bee's attack.
The orc hits you from afar with a +0 trident.
The orc barely misses you.
You slash the killer bee!
The killer bee looks as sick as possible!
The killer bee is almost dead.
You slash the orc!
You kill the orc!
You closely miss the killer bee. You miss the killer bee.
You kill the killer bee!
The killer bee stings you but does no damage. x2
The killer bee stings you.
* * * LOW HITPOINT WARNING * * *
The killer bee stings you!
* * * LOW HITPOINT WARNING * * *
The orc hits you but does no damage.
Your Axes skill increases to level 9!
You barely miss the killer bee.
The killer bee is heavily wounded.
You hit the killer bee. The killer bee completely misses you.
The killer bee stings you.
* * * LOW HITPOINT WARNING * * *
You block the killer bee's attack. x2; You block the orc's attack.
Unknown command.
You feel better. The killer bee closely misses you. The killer bee stings you.
* * * LOW HITPOINT WARNING * * *
You block the killer bee's attack. The killer bee closely misses you.
The orc barely misses you.
You kill the killer bee!
You block the killer bee's attack. The killer bee stings you.
* * * LOW HITPOINT WARNING * * *
The orc closely misses you.
Things that are here:
a killer bee corpse; a killer bee corpse
Found a stone staircase leading up.
The killer bee stings you but does no damage.
The orc hits you but does no damage.
There is a sand-covered staircase here.
The killer bee completely misses you. The killer bee stings you.
You die...

#.##.~.#.#
#....#.
#.#####.#
#+#### #..####
#.......##....#
#....#.
#####.........#
#....#.
#.#.##..#.##
####...
#.#)##......
##.#
#.#..#......#
#.# #
#†yo.....[# #.#
#.@.......# #.#
#...........#
##.#
###.#########
#... ... #.#.
#... #.#. ....
#.#. #... #.##
#..< #. ..


You could see a killer bee and an orc.

Vanquished Creatures
  Duvessa (D:4)
  A black bear (D:4)
  The ghost of Vixxxy the Trooper, an amateur DsAK of Lugonu (D:3)
  A centaur (D:5)
  A phantom (D:4)
  Blork the orc (D:4)
  A bullfrog (D:3)
  3 scorpions (D:5)
  Dowan (D:4)
  3 killer bees (D:5)
  A jelly (D:4)
  2 hounds (D:4)
  Crazy Yiuf (D:2)
  Jessica (D:3)
  2 iguanas
  Natasha (D:2)
  An orc wizard (D:5)
  Robin (D:3)
  5 adders
  2 worms (D:2)
  4 dart slugs
  6 orcs
  7 bats
  2 endoplasms (D:4)
  A giant cockroach (D:1)
  13 goblins
  7 hobgoblins
  4 jackals (D:3)
  5 kobolds
  6 quokkas
  3 training dummies (D:4)
  4 ball pythons
  5 frilled lizards
  A goblin zombie (D:5)
  5 rats
104 creatures vanquished.

Notes
Turn   | Place    | Note
-------+----------+-------------------------------------------
     0 | D:1      | Dorkslayer the Hill Orc Fighter began the quest for the
                  | Orb.
     0 | D:1      | Reached XP level 1. HP: 19/19 MP: 1/1
   172 | D:1      | Reached XP level 2. HP: 26/27 MP: 2/2
   494 | D:1      | Reached skill level 3 in Axes
   848 | D:2      | Found a faded altar of an unknown god.
   861 | D:2      | Reached XP level 3. HP: 28/33 MP: 3/3
  1020 | D:2      | Found a runed translucent door.
  1021 | D:2      | Noticed Crazy Yiuf
  1510 | D:2      | Noticed Natasha
  1516 | D:2      | Killed Natasha
  1517 | D:2      | Reached XP level 4. HP: 13/40 MP: 4/4
  1765 | D:2      | Reached skill level 4 in Axes
  2018 | D:2      | Killed Crazy Yiuf
  2184 | D:3      | Noticed Robin
  2207 | D:3      | Reached XP level 5. HP: 43/46 MP: 5/5
  2216 | D:3      | Killed Robin
  2481 | D:3      | Found Zefova's Weapon Boutique.
  2556 | D:3      | Found a runed translucent door.
  2571 | D:3      | Noticed Vixxxy's ghost (amateur DsAK)
  2585 | D:3      | Reached skill level 5 in Axes
  2585 | D:3      | Reached skill level 1 in Dodging
  2599 | D:3      | Killed Vixxxy's ghost
  2600 | D:3      | Reached skill level 6 in Axes
  2600 | D:3      | Reached XP level 6. HP: 34/53 MP: 6/6
  2786 | D:3      | Noticed Jessica
  2792 | D:3      | Killed Jessica
  2844 | D:3      | Found a glowing golden altar of the Shining One.
  2873 | D:3      | Became a worshipper of the Shining One
  3013 | D:4      | Found Ecwaesoi's Firing Range.
  3381 | D:4      | Noticed a black bear
  3390 | D:4      | Killed a black bear
  3391 | D:4      | Reached XP level 7. HP: 55/60 MP: 7/7
  3645 | D:4      | Noticed Dowan
  3646 | D:4      | Noticed Duvessa
  3663 | D:4      | Reached skill level 5 in Fighting
  3663 | D:4      | Reached skill level 7 in Axes
  3663 | D:4      | Reached skill level 5 in Armour
  3669 | D:4      | Killed Duvessa
  3673 | D:4      | Killed Dowan
  3823 | D:4      | Noticed Blork the orc
  3832 | D:4      | Killed Blork the orc
  3833 | D:4      | Reached XP level 8. HP: 64/68 MP: 8/8
  4054 | D:5      | Entered Level 5 of the Dungeon
  4074 | D:5      | Reached skill level 8 in Axes
  4117 | D:5      | Found a shadowy altar of Dithmenos.
  4120 | D:5      | Found an ancient bone altar of Kikubaaqudgha.
  4123 | D:5      | Found an iron altar of Okawaru.
  4123 | D:5      | Found a shimmering altar of Xom.
  4129 | D:5      | Found a sacrificial altar of Ru.
  4428 | D:5      | Found a sand-covered staircase.
  4430 | D:5      | Found a runed translucent door.
  4431 | D:5      | Noticed MemoryOf3nth's ghost (amateur DrTm)
  4439 | D:5      | Reached skill level 9 in Axes
  4441 | D:5      | HP: 3/69 [killer bee (4)]
  4443 | D:5      | Slain by a killer bee

Illustrated notes

Levels and vault maps discovered:
D:1:      dpeg_arrival_pits, layout_basic, minmay_misc_feat_square
D:2:      layout_loops_cross, basic_ecumenical_altar, uniq_natasha,
          uniq_crazy_yiuf_cottage
D:3:      layout_rooms, nicolae_tso_carved_into_rock, ebering_ghost_sewer_d,
          serial_shops, shop, uniq_robin, uniq_jessica
D:4:      layout_loops_ring, nicolae_shop_firing_range, uniq_blork_the_orc,
          uniq_duvessa
D:5:      layout_loops_cross, kennysheep_mini,
          nicolae_overflow_hallway_of_the_gods, temple_statues,
          ebering_ghost_reflecting_pool, enter_ossuary_3, serial_shops, shop

Skill      XL: |  1  2  3  4  5  6  7  8 |
---------------+-------------------------+-----
Axes           | 3 4 6 7 9 |  9.1
Fighting       | 4 5 |  5.4
Armour         | 4 5 6 |  6.4
Dodging        | 1 2 |  2.4
Shields        | 4 |  4.5
Throwing       | |  0.4
Stealth        | |  0.5

Action                   |  1- 3 |  4- 6 |  7- 9 || total
-------------------------+-------+-------+-------++-------
Melee: War axe           |   122 |   121 |    98 ||   341
Throw: Boomerang         |       |     5 |       ||     5
  Use: Potion            |       |     2 |     2 ||     4
       Scroll            |       |     4 |    10 ||    14
Armor: Scale mail        |    79 |    85 |    61 ||   225
Dodge: Dodged            |    69 |    56 |    46 ||   171
Block: Buckler           |    33 |    32 |    29 ||    94
